 Dungeon Crawl Stone Soup version 0.29.1-2-gbd0b4ee654 (webtiles) character file.

Game seed: 1182755966165392777

3867 Zeld the Thaumaturge (level 9, -4/85 HPs)
             Began as a Demonspawn Conjurer on Nov 1, 2022.
             Was an Initiate of Gozag.
             Killed from afar by Erica (7 damage)
             ... with a bolt of poison
             ... on level 8 of the Dungeon.
             The game lasted 00:09:25 (10592 turns).

Zeld the Thaumaturge (Demonspawn Conjurer)         Turns: 10592, Time: 00:09:25

Health: -4/85      AC: 10    Str:  7    XL:     9   Next: 99%
Magic:  13/21      EV: 11    Int: 24    God:    Gozag
Gold:   795        SH:  0    Dex: 12    Spells: 14/25 levels left

rFire   . . .      SeeInvis .   (no weapon)
rCold   . . .      Faith    .   (no shield)
rNeg    . . .      Spirit   .   b - +0 swamp dragon scales
rPois   +          Reflect  .   (no helmet)
rElec   .          Harm     .   i - +0 cloak
rCorr   .          Rampage  .   (no gloves)
Will    .....      NoTele   +   (no boots)
Stlth   ..........              y - amulet of regeneration
HPRegen 1.04/turn               (no ring)
MPRegen 0.17/turn               (no ring)

@: berserking, lethally poisoned (-4 -> -5), immobile, very slightly
contaminated, very quick
A: claws 2, thin metallic scales 1, demonic magic 2
a: Renounce Religion, Potion Petition, Call Merchant, Bribe Branch


You were on level 8 of the Dungeon.
You worshipped Gozag.
Gozag was pleased with you.
You visited 2 branches of the dungeon, and saw 9 of its levels.

You collected 944 gold pieces.
You paid 149 gold pieces to Gozag.

Inventory:

Armour
 b - +0 swamp dragon scales (worn)
 i - a +0 cloak (worn)
Jewellery
 y - an amulet of regeneration (around neck)
Wands
 n - a wand of polymorph (8)
 s - a wand of digging (1)
 v - a wand of flame (20)
Scrolls
 c - 5 scrolls of teleportation {unknown}
 d - 2 scrolls of brand weapon {unknown}
 f - 2 scrolls of silence {unknown}
 g - 3 scrolls of magic mapping {unknown}
 k - a scroll of immolation {unknown}
 l - 8 scrolls of identify {unknown}
 m - 2 scrolls of amnesia {unknown}
 q - 2 scrolls of blinking {unknown}
 t - 3 scrolls of fear {unknown}
 u - 2 scrolls of torment {unknown}
Potions
 e - 2 potions of haste {unknown}
 h - a potion of curing {unknown}
 j - 3 potions of berserk rage
 o - 4 potions of heal wounds {unknown}
 p - 2 potions of might {unknown}
 r - 2 potions of invisibility {unknown}
 w - 3 potions of mutation {unknown}


   Skills:
 + Level 6.1 Dodging
 + Level 6.6 Stealth
 * Level 8.6 Spellcasting
 + Level 7.6 Conjurations


You had 14 spell levels left.
You knew the following spells:

 Your Spells              Type           Power      Damage    Failure   Level
a - Magic Dart            Conj           100%       1d8       1%          1
b - Searing Ray           Conj           92%        2d7       1%          2
c - Fulminant Prism       Conj/Hex       14%        3d9       41%         4
d - Iskenderun's Mystic   Conj/Tloc      28%        2d7       41%         4

Your spell library contained the following spells:

 Spells                   Type           Power      Damage    Failure   Level
 Dazzling Flash           Conj/Hex       56%        N/A       14%         3
 Stone Arrow              Conj/Erth      56%        3d10      14%         3
 Beastly Appendage        Tmut           20%        N/A       22%         1
 Sandblast                Erth           20%        2d7       22%         1
 Sting                    Tmut/Pois      40%        1d5       22%         1
 Mephitic Cloud           Conj/Pois/Air  22%        N/A       22%         3
 Iskenderun's Battlesphe  Conj           46%        2d10      26%         5
 Passwall                 Tmut/Erth      8%         N/A       32%         2
 Blade Hands              Tmut           5%         N/A       99%         5
 Iron Shot                Conj/Erth      14%        9d4       100%        6
 Spellforged Servitor     Conj/Summ      14%        N/A       100%        7


Dungeon Overview and Level Annotations

Branches:
Dungeon (8/15)             Temple (1/1) D:6            Lair (0/5) D:8

Altars:
Ashenzari
Cheibriados
Dithmenos
Fedhas
Gozag
Hepliaklqana
Makhleb
Okawaru
Qazlal
Ru
Sif Muna
Trog
Uskayaw
Vehumet
Wu Jian
Yredelemnul

Shops:
D:8 [

Annotations:
D:7 3 runed translucent doors, hawla's ghost, novice MeFE; nshep25's ghost, novice MiFi
D:8 Erica


Innate Abilities, Weirdness & Mutations

You have very sharp fingernails.
You are partially covered in thin metallic scales. (AC +2)
Spells you cast may paralyse nearby enemies.


Message History

You can't see any susceptible monsters within range! (Use Z to cast anyway.)
Casting: Searing Ray (safe; 1% risk of failure)
Confirm with . or Enter, or press ? or * to list all spells.
The spell is quite dangerous to miscast (41% risk of failure)!
Continue anyway?
You miscast Iskenderun's Mystic Blast.
You are very lightly contaminated with residual magic.
You spin around.
You are magically locked in place.
You feel sick. Something hits you.
* * * LOW HITPOINT WARNING * * *
Something burns you.
* * * LOW HITPOINT WARNING * * *
Unknown command.
Unknown command.
Okay, then.
Casting: Iskenderun's Mystic Blast (quite dangerous; 41% risk of failure)
Confirm with . or Enter, or press ? or * to list all spells.
You can't see any susceptible monsters within range! (Use Z to cast anyway.)
There is a strange disturbance nearby!
Casting: Iskenderun's Mystic Blast (quite dangerous; 41% risk of failure)
Confirm with . or Enter, or press ? or * to list all spells.
You can't see any susceptible monsters within range! (Use Z to cast anyway.)
You feel sick. Something hits you.
* * * LOW HITPOINT WARNING * * *
Something burns you.
* * * LOW HITPOINT WARNING * * *
Unknown command.
Casting: Iskenderun's Mystic Blast (quite dangerous; 41% risk of failure)
Confirm with . or Enter, or press ? or * to list all spells.
You can't see any susceptible monsters within range! (Use Z to cast anyway.)
Casting: Iskenderun's Mystic Blast (quite dangerous; 41% risk of failure)
Confirm with . or Enter, or press ? or * to list all spells.
Okay, then.
It was a potion of berserk rage.
A red film seems to cover your vision as you go berserk!
You feel yourself moving faster!
You feel mighty!
You feel sick.
You hear some strange, mumbled words.
A bolt of poison appears from out of thin air!
The bolt of poison hits you! You resist.
You die...
Your body crumbles into a pile of gold.

#+##### #.....## #......#
.....# ...<.. .....+ ....#
.....# ... ###+#### .....#
####{###......# .....#
#...@.##......# .....#
+.............# .....#
#.....##......#
.....########.....##......#
###'#.......#......#......#
###.#.......########......#
.##.#.......#.....##......#
..#.#.......#......#......#
...>#.......#......#......#


There were no monsters in sight!

Vanquished Creatures
  Maggie (D:7)
  A troll (D:6)
  Sigmund (D:6)
  3 wargs (D:8)
  2 water moccasins
  3 ice beasts
  3 sky beasts
  3 black bears
  2 centaurs
  2 phantoms
  A gnoll sergeant (D:7)
  A necrophage (D:6)
  2 bullfrogs (D:7)
  A scorpion (D:6)
  3 killer bees (D:7)
  A howler monkey (D:6)
  4 orc priests (D:8)
  4 hounds
  2 jellies
  A gnoll bouda (D:7)
  7 iguanas
  7 orc wizards
  Ijyb (D:4)
  18 gnolls
  8 adders
  A shadow imp (D:6)
  A white imp (D:7)
  An ufetubus (D:5)
  A dart slug (D:4)
  15 orcs
  6 endoplasms
  2 giant cockroaches
  3 hobgoblins
  5 jackals
  4 quokkas
  2 ball pythons
  3 bats
  A frilled lizard (D:3)
  2 goblins (D:3)
  7 kobolds
  A rat (D:1)
137 creatures vanquished.

Vanquished Creatures (others)
  3 plants (D:2)
3 creatures vanquished.

Grand Total: 140 creatures vanquished

Notes
Turn   | Place    | Note
-------+----------+-------------------------------------------
     0 | D:1      | Zeld the Demonspawn Conjurer began the quest for the Orb.
     0 | D:1      | Reached XP level 1. HP: 13/13 MP: 3/3
   513 | D:2      | Gained mutation: Spells you cast may paralyse adjacent
                  | enemies. [demonic ancestry]
   513 | D:2      | Reached XP level 2. HP: 16/19 MP: 0/5
   516 | D:2      | Learned a level 2 spell: Searing Ray
   774 | D:2      | Reached XP level 3. HP: 24/24 MP: 2/6
  1344 | D:2      | Found a faded altar of an unknown god.
  2196 | D:3      | Found a faded altar of an unknown god.
  2238 | D:3      | Got Sif Muna's Handbook of Viperous Transformation
  2298 | D:3      | Found a sacrificial altar of Ru.
  2740 | D:4      | Reached skill level 3 in Spellcasting
  2740 | D:4      | Gained mutation: You are partially covered in thin metallic
                  | scales. (AC +2) [demonic ancestry]
  2740 | D:4      | Reached XP level 4. HP: 30/30 MP: 4/8
  3186 | D:4      | Gained mutation: You have sharp fingernails. [demonic
                  | ancestry]
  3186 | D:4      | Reached XP level 5. HP: 25/35 MP: 3/10
  3365 | D:4      | Found a bloodstained altar of Trog.
  4130 | D:4      | Reached skill level 4 in Spellcasting
  4130 | D:4      | Gained mutation: Spells you cast may paralyse nearby
                  | enemies. [demonic ancestry]
  4130 | D:4      | Reached XP level 6. HP: 41/41 MP: 4/12
  4205 | D:4      | Noticed Ijyb
  4236 | D:4      | Killed Ijyb
  4387 | D:4      | Reached skill level 5 in Conjurations
  5111 | D:4      | Found a basalt altar of Yredelemnul.
  5124 | D:5      | Entered Level 5 of the Dungeon
  5172 | D:5      | Reached XP level 7. HP: 18/46 MP: 0/14
  6116 | D:6      | Reached skill level 5 in Spellcasting
  6221 | D:6      | Noticed Sigmund
  6622 | D:6      | Killed Sigmund
  7045 | D:6      | Reached XP level 8. HP: 52/52 MP: 6/16
  7050 | D:6      | Learned a level 4 spell: Fulminant Prism
  7055 | D:6      | Learned a level 4 spell: Iskenderun's Mystic Blast
  7127 | D:6      | Reached skill level 6 in Spellcasting
  7610 | D:6      | Found a staircase to the Ecumenical Temple.
  7638 | Temple   | Entered the Ecumenical Temple
  7694 | Temple   | Became a worshipper of Gozag Ym Sagoz the Greedy
  7764 | D:6      | Reached skill level 5 in Stealth
  7996 | D:6      | Noticed a troll
  8059 | D:6      | Killed a troll
  8060 | D:6      | Reached skill level 5 in Dodging
  8060 | D:6      | Reached skill level 7 in Spellcasting
  8310 | D:7      | Noticed Maggie
  8357 | D:6      | Gained mutation: You have very sharp fingernails. [demonic
                  | ancestry]
  8357 | D:6      | Reached XP level 9. HP: 56/57 MP: 10/19
  8928 | D:7      | Found a runed translucent gate.
  8928 | D:7      | Found a runed translucent gate.
  8930 | D:7      | Found a runed translucent gate.
  8936 | D:7      | Noticed nshep25's ghost (novice MiFi)
  8936 | D:7      | Noticed hawla's ghost (novice MeFE)
  9027 | D:7      | Found an iron altar of Okawaru.
  9035 | D:7      | Found a hide-covered altar of Uskayaw.
  9286 | D:7      | Found an ornate altar of the Wu Jian Council.
  9316 | D:7      | Killed Maggie
  9317 | D:7      | Reached skill level 8 in Spellcasting
  9908 | D:8      | Found Tilokit's Armour Emporium.
 10209 | D:8      | Found a staircase to the Lair.
 10581 | D:8      | Noticed Erica
 10591 | D:8      | HP: 2/57 [something (3)]
 10592 | D:8      | Killed from afar by Erica

Illustrated notes

Levels and vault maps discovered:
D:1:      dpeg_arrival_orchard, layout_basic
D:2:      cheibrodos_old_hovel, layout_loops_ring,
          shapermc_ecumenical_altar_notcrosses
D:3:      layout_loops_corners, lemuel_doored_altar,
          nicolae_overflow_ecumenical_swirl, serial_bayou_lake_a
D:4:      layout_loops_corners, nicolae_overflow_crystal_walls,
          general_overflow_altar, kennysheep_minor_cross, uniq_ijyb
D:5:      layout_loops_ring
D:6:      layout_basic, minmay_temple_entry_crystal_x, uniq_sigmund
D:7:      layout_loops_ring, mainiacjoe_overflow_brackets,
          mainiacjoe_overflow_six_doors_small, mainiacjoe_overflow_tiny_flanked,
          elyvilon_altar_3, gammafunk_ghost_cemetery, uniq_maggie
D:8:      layout_gridville, old_standard_altar, tgw_kikubaaqudgha,
          erik_lair_orcish_takeover, serial_shops, nicolae_shop_trees,
          uniq_erica
Temple:   hellmonk_temple_of_storms

Skill      XL: |  1  2  3  4  5  6  7  8  9 |
---------------+----------------------------+-----
Dodging        | 2 3 4 5 6 |  6.1
Stealth        | 2 3 4 5 6 |  6.6
Spellcasting   | 3 4 5 7 8 |  8.6
Conjurations   | 5 6 7 |  7.6

Action                   |  1- 3 |  4- 6 |  7- 9 || total
-------------------------+-------+-------+-------++-------
Melee: Unarmed           |     3 |    16 |     6 ||    25
 Cast: Magic Dart        |    68 |    86 |    58 ||   212
       Searing Ray       |     1 |    16 |    69 ||    86
       Iskenderun's Myst |       |       |     6 ||     6
Evoke: Wand              |       |       |     7 ||     7
  Use: Potion            |       |     2 |     2 ||     4
 Stab: Paralysed         |       |     1 |       ||     1
Armor: Robe              |     3 |    11 |    28 ||    42
       Swamp dragon scal |       |       |    26 ||    26
Dodge: Dodged            |     7 |    47 |   104 ||   158
